 Dungeon Crawl Stone Soup version 0.27-a0-1302-g7736ffe575 (webtiles) character file.

Game seed: 6928404709108329376

681 MordorOrchid the Magician (level 7, -5/49 HPs)
             Began as a Djinni Conjurer on June 18, 2021.
             Slain by Froggeryz's ghost (10 damage)
             ... on level 4 of the Dungeon.
             The game lasted 00:10:28 (3964 turns).

MordorOrchid the Magician (Djinni Conjurer)         Turns: 3964, Time: 00:10:29

Health: -5/49      AC:  2    Str:  6    XL:     7   Next: 92%
Gold:   89         EV: 13    Int: 21    God:
                   SH:  0    Dex: 12

rFire    + + +     SeeInvis .   e - +0 short sword
rCold    x . .     Faith    .   (no shield)
rNeg     . . .     Spirit   .   a - +0 robe
rPois    ∞         Reflect  .   (no helmet)
rElec    .         Harm     .   (no cloak)
rCorr    .         Rampage  .   (no gloves)
Will     .....                  (boots unavailable)
Stlth    ++........             (no amulet)
HPRegen  0.16/turn              g - ring of protection from fire
MPRegen  0.00/turn              (no ring)

@: flying
A: sickness immunity, fire resistance 2, cold vulnerability 1, float, innate
caster, hp casting, extra vitality 1
a: no special abilities


You were on level 4 of the Dungeon.
You visited 1 branch of the dungeon, and saw 4 of its levels.

You collected 113 gold pieces.
You spent 24 gold pieces at shops.

Inventory:

Hand Weapons
 b - a +0 flail
 e - a +0 short sword (weapon)
 p - a +1 flail of protection
Missiles
 f - 17 arrows
 j - 3 curare-tipped darts
 k - 19 poisoned darts (quivered)
 o - 6 silver javelins
 r - 6 sling bullets
Armour
 a - a +0 robe (worn)
Jewellery
 g - a ring of protection from fire (left hand)
 v - an amulet of guardian spirit
Scrolls
 c - a scroll of silence {unknown}
 i - a scroll of enchant weapon {unknown}
 m - 2 scrolls of teleportation
 n - a scroll of noise {unknown}
 q - a scroll of immolation {unknown}
 s - a scroll of identify {unknown}
 u - a scroll of torment {unknown}
 y - a scroll of magic mapping {unknown}
Potions
 d - a potion of mutation {unknown}
 h - a potion of curing {unknown}
 l - a potion of might {unknown}
 t - a potion of magic {unknown}
 w - a potion of resistance {unknown}
 x - a potion of haste {unknown}


   Skills:
 * Level 2.7 Fighting
 * Level 1.7 Short Blades
 * Level 3.9 Dodging
 - Level 3.0 Stealth
 + Level 5.5 Spellcasting


You couldn't memorise any spells.
You knew the following spells:

 Your Spells              Type           Power      Damage    Failure   Level
a - Magic Dart            Conj           100%       1d8       1%          1
b - Call Imp              Summ           28%        N/A       1%          2
c - Static Discharge      Conj/Air       28%        N/A       1%          2
e - Dazzling Flash        Conj/Hex       56%        N/A       3%          3
f - Searing Ray           Conj           56%        3d5       1%          2
i - Iskenderun's Mystic   Conj/Tloc      28%        2d7       11%         4
z - Apportation           Tloc           56%        N/A       1%          1
J - Fulminant Prism       Conj/Hex       14%        3d9       11%         4
Your spell library was empty.

Dungeon Overview and Level Annotations

Branches:
Dungeon (4/15)
 Temple: D:4-7

Altars:
Gozag
Hepliaklqana
Uskayaw
Wu Jian

Shops:
D:3 *

Annotations:
D:4 Froggeryz's ghost, amateur PaAK; WhatIsLove's ghost, amateur HOMo


Innate Abilities, Weirdness & Mutations

You are immune to sickness and miasma.
You are immune to poison.
Your flesh is very heat resistant. (rF++)
You are vulnerable to cold. (rC-)
You float through the air rather than walking.
You learn spells naturally, not from books.
Your magical power is your life essence.
You have superior vitality. (+4 HP)


Message History

WhatIsLove's ghost is moderately damaged.
The searing ray hits hemabe71's ghost!
Hemabe71's ghost is severely damaged.
You finish channeling your searing ray.
Froggeryz's ghost closely misses you.
Casting: Searing Ray (safe; 1% risk of failure)
Confirm with . or Enter, or press ? or * to list all spells.
Aiming: Searing Ray (safe; 1% risk of failure)
Press: ? - help, Shift-Dir - straight line, f/p - Froggeryz's ghost
Aim: Froggeryz's ghost (moderately damaged, 74% to hit)
The searing ray misses Froggeryz's ghost.
The searing ray hits WhatIsLove's ghost.
WhatIsLove's ghost is moderately damaged.
The searing ray hits hemabe71's ghost!
Hemabe71's ghost is severely damaged. (Press . to maintain the ray.) Froggeryz's ghost hits you!
* * * LOW HITPOINT WARNING * * *
The searing ray misses Froggeryz's ghost.
The searing ray hits WhatIsLove's ghost but does no damage.
WhatIsLove's ghost is moderately damaged.
The searing ray hits hemabe71's ghost!
You destroy hemabe71's ghost!
* * * LOW HITPOINT WARNING * * *
Froggeryz's ghost barely misses you.
Training target 3.0 for Stealth reached!
Your Stealth skill increases to level 3!
The searing ray hits Froggeryz's ghost.
Froggeryz's ghost is heavily damaged.
The searing ray hits WhatIsLove's ghost.
WhatIsLove's ghost is heavily damaged.
* * * LOW HITPOINT WARNING * * *
Froggeryz's ghost hits you.
* * * LOW HITPOINT WARNING * * *
The searing ray hits Froggeryz's ghost!
Froggeryz's ghost is severely damaged.
The searing ray hits WhatIsLove's ghost.
WhatIsLove's ghost is heavily damaged.
* * * LOW HITPOINT WARNING * * *
You finish channeling your searing ray.
Froggeryz's ghost hits you!
You die...

##[.....###.
#...........
###.####...[ ###
#.... ###....
##.##...
#####.......
########..###......
#.@WW..............
#.####.####........
#.##.....##........
#.#.......#........
#.#.......#......[#
##....._.....(....##
#..#.......#......##
#..#.......#........
#..##.....##......<.


You could see Froggeryz's ghost and WhatIsLove's ghost.

Vanquished Creatures
  The ghost of hemabe71 the Charlatan, an amateur HuAr (D:4)
  Sigmund (D:2)
  2 ogres (D:4)
  A centaur skeleton (D:4)
  3 gnolls (D:3)
  5 adders
  2 dart slugs
  An orc (D:4)
  7 ball pythons
  2 endoplasms
  2 giant cockroaches
  8 hobgoblins
  10 jackals
  2 quokkas
  7 bats
  2 frilled lizards
  4 goblins
  8 kobolds
  2 rats
70 creatures vanquished.

Vanquished Creatures (others)
  A fulminant prism (D:3)
  4 withered plants (D:4)
5 creatures vanquished.

Grand Total: 75 creatures vanquished

Notes
Turn   | Place    | Note
-------+----------+-------------------------------------------
     0 | D:1      | MordorOrchid the Djinni Conjurer began the quest for the
                  | Orb.
     0 | D:1      | Reached XP level 1. HP: 15/15 MP: 0/0
    19 | D:1      | Found a faded altar of an unknown god.
   160 | D:1      | Reached XP level 2. HP: 5/21 MP: 0/0
   788 | D:1      | You are sucked into a shaft and drop 1 floor!
   830 | D:2      | Noticed Sigmund
   834 | D:2      | Killed Sigmund
   835 | D:2      | Reached skill level 1 in Fighting
   835 | D:2      | Reached skill level 4 in Spellcasting
   835 | D:2      | Reached XP level 3. HP: 21/27 MP: 0/0
   835 | D:2      | Learned a level 1 spell: Apportation
   835 | D:2      | Reached XP level 4. HP: 25/32 MP: 0/0
   835 | D:2      | Reached XP level 5. HP: 29/37 MP: 0/0
   835 | D:2      | Learned a level 2 spell: Call Imp
  1117 | D:2      | Found a hazy altar of Hepliaklqana.
  1645 | D:2      | Reached XP level 6. HP: 39/43 MP: 0/0
  1946 | D:3      | Found an opulent altar of Gozag.
  1950 | D:3      | Found a hide-covered altar of Uskayaw.
  2208 | D:3      | Found Lokoum's Assorted Antiques.
  2217 | D:3      | Bought a scroll labelled ZUIFARE ISUM for 24 gold pieces
  3209 | D:4      | Found a runed translucent gate.
  3209 | D:4      | Found a runed translucent gate.
  3209 | D:4      | Found a runed translucent gate.
  3213 | D:4      | Noticed Froggeryz's ghost (amateur PaAK)
  3213 | D:4      | Noticed hemabe71's ghost (amateur HuAr)
  3359 | D:4      | Noticed an ogre
  3366 | D:4      | Killed an ogre
  3367 | D:4      | Reached skill level 1 in Short Blades
  3367 | D:4      | Reached XP level 7. HP: 42/49 MP: 0/0
  3367 | D:4      | Learned a level 2 spell: Static Discharge
  3469 | D:4      | Reached skill level 5 in Spellcasting
  3737 | D:4      | Noticed WhatIsLove's ghost (amateur HOMo)
  3760 | D:4      | Found an ornate altar of the Wu Jian Council.
  3962 | D:4      | Killed hemabe71's ghost
  3964 | D:4      | Slain by Froggeryz's ghost

Illustrated notes

Levels and vault maps discovered:
D:1:      scummos_arrival_forest, layout_loops_ring,
          shapermc_ecumenical_altar_venn, grunt_decor_clamped,
          amcnicky_mini_rare_corridor_liquid,
          hangedman_abyss_or_decor_lesser_grid
D:2:      layout_basic, basic_altar, uniq_sigmund
D:3:      layout_basic, grunt_temple_overflow_open, serial_shops,
          nicolae_shop_trees
D:4:      layout_cave_pools, old_standard_altar, gammafunk_ghost_cemetery,
          minmay_crossroads

Skill      XL: |  1  2  3  4  5  6  7 |
---------------+----------------------+-----
Fighting       | 1 2 |  2.7
Dodging        | 3 |  3.9
Stealth        | 2 3 |  3.0
Spellcasting   | 4 5 |  5.5
Short Blades   | 1 |  1.7

Action                   |  1- 3 |  4- 6 |  7- 9 || total
-------------------------+-------+-------+-------++-------
Melee: Flail             |     2 |       |       ||     2
       Short sword       |       |     4 |       ||     4
Throw: Dart              |       |     6 |       ||     6
 Cast: Magic Dart        |    31 |    64 |     9 ||   104
       Searing Ray       |     2 |     8 |     5 ||    15
       Call Imp          |       |     1 |       ||     1
       Fulminant Prism   |       |     1 |       ||     1
  Use: Scroll            |       |       |     1 ||     1
 Stab: Sleeping          |       |     1 |       ||     1
Armor: Robe              |     2 |     3 |     1 ||     6
Dodge: Dodged            |     4 |    10 |     2 ||    16

Table legend: (Time is in decaauts)
 A = Elapsed time spent in this place.
 B = Non-inter-level travel time spent in this place.
 C = Inter-level travel time spent in this place.
 D = Time resting spent in this place.
 E = Time spent auto-exploring this place.
 F = Levels seen in this place.
 G = Mean time per level.
                   A        B        C        D        E       F      G
               +--------+--------+--------+--------+--------+-----+--------+
         Total |   3962 |   3887 |     75 |    148 |   3322 |   4 |  990.5 |
       Dungeon |   3962 |   3887 |     75 |    148 |   3322 |   4 |  990.5 |
               +--------+--------+--------+--------+--------+-----+--------+

Top non-repeatable levels by time:
     D:3: 1200 daAuts
     D:2: 1132 daAuts
     D:4: 841 daAuts
     D:1: 787 daAuts
